 Dungeon Crawl Stone Soup version 0.27-a0-1046-g98bf31544f (webtiles) character file.

Game seed: 5462120866218839458

851 robertstho the Magician (level 8, -4/78 HPs)
             Began as a Djinni Fire Elementalist on Apr 19, 2021.
             Slain by a troll (5 damage)
             ... on level 4 of the Dungeon.
             The game lasted 00:07:47 (4574 turns).

robertstho the Magician (Djinni Fire Elementalist)  Turns: 4574, Time: 00:07:48

Health: -4/78      AC: 24    Str:  7    XL:     8   Next: 1%
Gold:   87         EV:  2    Int: 18    God:
                   SH:  0    Dex: 15

rFire    + . .     SeeInvis +   g - staff of fire
rCold    . . .     Faith    .   (no shield)
rNeg     + + +     Spirit   .   (armour currently unavailable)
rPois    ∞         Reflect  .   (helmet currently unavailable)
rElec    .         Harm     .   (cloak currently unavailable)
rCorr    .         Rampage  .   (gloves currently unavailable)
Will     .....     NoTele   +   (boots unavailable)
Stlth    ++........             (no amulet)
HPRegen  0.23/turn              h - ring of see invisible
MPRegen  0.00/turn              (no ring)

@: tree-form, attractive, very slightly contaminated
A: stationary, stasis, torment immunity, boosted hp, (fire resistance 2), (cold
vulnerability 1), float, innate caster, hp casting, extra vitality 1
a: no special abilities


You were on level 4 of the Dungeon.
You were a tree.
You visited 1 branch of the dungeon, and saw 4 of its levels.

You collected 87 gold pieces.

Inventory:

Hand Weapons
 c - a +1 dagger
Armour
 a - a +0 robe (melded)
 l - a +2 cloak (melded)
Magical Staves
 g - a staff of fire (weapon)
Jewellery
 h - a ring of see invisible (left branch)
Scrolls
 f - a scroll of silence
 i - a scroll of acquirement {unknown}


   Skills:
 + Level 1.0 Fighting
 + Level 3.0 Dodging
 + Level 3.2 Stealth
 + Level 7.0 Spellcasting


You couldn't memorise any spells.
You knew the following spells:

 Your Spells              Type           Power      Damage    Failure   Level
a - Foxfire               Conj/Fire      100%       2x1d9     1%          1
b - Conjure Flame         Conj/Fire      47%        6-21      1%          3
c - Inner Flame           Hex/Fire       47%        N/A       1%          3
d - Sticky Flame          Conj/Fire      47%        2d6       6%          4
e - Fireball              Conj/Fire      23%        3d11      16%         5
f - Beastly Appendage     Tmut           62%        N/A       1%          1
g - Call Imp              Summ           31%        N/A       1%          2
h - Swiftness             Air            31%        N/A       1%          3
Your spell library was empty.

Dungeon Overview and Level Annotations

Branches:
Dungeon (4/15)
 Temple: D:4-7

Altars:
Wu Jian


Innate Abilities, Weirdness & Mutations

You are a tree.
Your roots penetrate the ground, keeping you stationary.
You cannot be teleported.
You are immune to unholy pain and torment.
Your maximum health is greatly increased.
Your equipment is partially melded.
You are immune to poison.
((Your flesh is very heat resistant. (rF++)))
((You are vulnerable to cold. (rC-)))
You float through the air rather than walking.
You learn spells naturally, not from books.
Your magical power is your life essence.
You have superior vitality. (+4 HP)


Message History

* * * LOW HITPOINT WARNING * * *
You aren't carrying any potions.
Unknown command.
As you read the scroll labelled KUTUUDIQOPN, it crumbles to dust.
Wisps of shadow whirl around you...
It was a scroll of summoning.
The troll bites you but does no damage.
The troll claws you but does no damage. x2
You aren't carrying any items that you can evoke.
Casting: Foxfire (safe; 1% risk of failure)
Confirm with . or Enter, or press ? or * to list all spells.
Aiming: Sticky Flame (dangerous; 6% risk of failure)
Press: ? - help, Shift-Dir - straight line, f - troll
Aim: a troll (lightly wounded, ally target, 100% to hit)
You feel a surge of power!
You miscast Sticky Flame.
You are very lightly contaminated with residual magic.
Nothing appears to happen.
* * * LOW HITPOINT WARNING * * *
The troll bites you.
* * * LOW HITPOINT WARNING * * *
The troll claws you but does no damage. x2; Your gnoll barely misses the troll.
Your gnoll closely misses the troll. x2
Your gnoll completely misses the troll.
Your iguana bites the troll.
As you read the scroll labelled OPREQUDD DEGRE, it crumbles to dust.
It is a scroll of amnesia.
You feel forgetful for a moment. The troll bites you.
* * * LOW HITPOINT WARNING * * *
The troll claws you.
* * * LOW HITPOINT WARNING * * *
The troll claws you.
* * * LOW HITPOINT WARNING * * *
Your iguana bites the troll!
Your gnoll hits the troll with a +0 club!
Your gnoll hits the troll from afar with a +0 spear.
Your gnoll hits the troll from afar with a +0 spear!
Your gnoll barely misses the troll.
You hit the troll.
The troll is almost dead.
The troll bites you.
* * * LOW HITPOINT WARNING * * *
The troll claws you but does no damage. The troll claws you.
You die...

##..# ##..#####
........#
##..###.#
##..#...# #####
...<#..#####..g###
#####...##...#§gg#
#..#..#.#.#g#g# #
#..##....###g♣# #
#.. ###### ##Tgg#
# #.. l##.# # #..
## .# # #.. # # #


You could see a troll (ally target), a friendly iguana (summoned), 7 friendly
gnolls and a friendly hobgoblin (summoned).

Vanquished Creatures
  Pikel (D:4)
  An acid dragon (D:4)
  A scorpion (D:4)
  A hound (D:4)
  A jelly (D:4)
  A hound skeleton (D:4)
  3 adders
  6 dart slugs
  8 orcs (D:3)
  4 ball pythons
  9 bats
  8 endoplasms
  10 goblins
  7 hobgoblins
  7 jackals
  6 kobolds
  8 quokkas
  A ball python skeleton (D:2)
  A frilled lizard (D:2)
  5 rats
89 creatures vanquished.

Vanquished Creatures (others)
  279 foxfires
  3 plants (D:2)
  8 withered plants (D:2)
290 creatures vanquished.

Grand Total: 379 creatures vanquished

Notes
Turn   | Place    | Note
-------+----------+-------------------------------------------
     0 | D:1      | robertstho the Djinni Fire Elementalist began the quest for
                  | the Orb.
     0 | D:1      | Reached XP level 1. HP: 15/15 MP: 0/0
   181 | D:1      | Reached skill level 3 in Spellcasting
   181 | D:1      | Reached XP level 2. HP: 12/21 MP: 0/0
   518 | D:1      | Found an ornate altar of the Wu Jian Council.
   893 | D:1      | Reached XP level 3. HP: 24/25 MP: 0/0
   893 | D:1      | Learned a level 1 spell: Beastly Appendage
  2394 | D:2      | Found a faded altar of an unknown god.
  2463 | D:2      | Reached skill level 4 in Spellcasting
  2463 | D:2      | Reached XP level 4. HP: 27/31 MP: 0/0
  3765 | D:3      | Reached XP level 5. HP: 33/35 MP: 0/0
  3765 | D:3      | Learned a level 2 spell: Call Imp
  4073 | D:4      | Noticed a lemure
  4073 | D:4      | Noticed Pikel
  4076 | D:4      | Noticed a lemure
  4079 | D:4      | Noticed a lemure
  4082 | D:4      | Noticed a lemure
  4088 | D:4      | Killed Pikel
  4089 | D:4      | Reached skill level 6 in Spellcasting
  4089 | D:4      | Reached XP level 6. HP: 12/41 MP: 0/0
  4089 | D:4      | Reached XP level 7. HP: 14/46 MP: 0/0
  4089 | D:4      | Learned a level 3 spell: Swiftness
  4567 | D:4      | Reached skill level 1 in Fighting
  4567 | D:4      | Reached skill level 7 in Spellcasting
  4567 | D:4      | Reached XP level 8. HP: 22/52 MP: 0/0
  4568 | D:4      | Noticed a troll
  4574 | D:4      | HP: 1/78 [troll (6)]
  4574 | D:4      | Slain by a troll

Illustrated notes

Levels and vault maps discovered:
D:1:      evilmike_arrival_crescent, layout_basic, supply_closet_lemuel,
          minmay_hexomino_r4
D:2:      layout_loops_ring, chequers_ecumenical_altar_twisty, serial_undead,
          serial_undead_f, serial_undead_e, serial_undead_b, serial_undead_d,
          serial_undead_e, serial_bayou_pond_b
D:3:      layout_basic
D:4:      layout_loops_cross, gammafunk_temple_overflow_arena,
          minmay_manual_monstrance, uniq_pikel, uniq_ijyb

Skill      XL: |  1  2  3  4  5  6  7 |
---------------+----------------------+-----
Spellcasting   | 3 4 6 7 |  7.0
Stealth        | 2 3 |  3.2
Dodging        | 3 |  3.0
Fighting       | 1 |  1.0

Action                   |  1- 3 |  4- 6 |  7- 9 || total
-------------------------+-------+-------+-------++-------
Melee: Staff             |       |       |     1 ||     1
 Cast: Foxfire           |    78 |    71 |    19 ||   168
       Sticky Flame      |       |     1 |     2 ||     3
  Use: Scroll            |     1 |     1 |     3 ||     5
       Potion            |       |       |     2 ||     2
Armor: Robe              |     4 |     2 |     6 ||    12
       Skin              |       |       |     9 ||     9
Dodge: Dodged            |    11 |    11 |    14 ||    36

Table legend: (Time is in decaauts)
 A = Elapsed time spent in this place.
 B = Non-inter-level travel time spent in this place.
 C = Inter-level travel time spent in this place.
 D = Time resting spent in this place.
 E = Time spent auto-exploring this place.
 F = Levels seen in this place.
 G = Mean time per level.
                   A        B        C        D        E       F      G
               +--------+--------+--------+--------+--------+-----+--------+
         Total |   4574 |   4339 |    235 |    766 |   3034 |   4 | 1143.5 |
       Dungeon |   4574 |   4339 |    235 |    766 |   3034 |   4 | 1143.5 |
               +--------+--------+--------+--------+--------+-----+--------+

Top non-repeatable levels by time:
     D:1: 1940 daAuts
     D:3: 1173 daAuts
     D:2: 1143 daAuts
     D:4: 317 daAuts
